 Dungeon Crawl Stone Soup version 0.22-a0-533-g4d20840 (webtiles) character file.

16013 Azzok the Arsonist (level 12, -1/68 HPs)
             Began as a Deep Elf Fire Elementalist on June 22, 2018.
             Was an Elder of Vehumet.
             Slain by a spiny frog (18 damage)
             ... on level 1 of the Lair of Beasts.
             The game lasted 00:30:25 (14386 turns).

Azzok the Arsonist (Deep Elf Fire Elementalist)    Turns: 14386, Time: 00:30:25

Health: -1/68      AC:  6    Str:  5    XL:     12   Next: 6%
Magic:  37/53      EV: 13    Int: 29    God:    Vehumet [****..]
Gold:   573        SH:  5    Dex: 15    Spells: 18/34 levels left

rFire    . . .     SeeInvis .   B - staff of power
rCold    . . .     Gourm    .   k - +0 buckler (curse)
rNeg     . . .     Faith    .   a - +0 robe
rPois    .         Spirit   .   I - +2 helmet {Int+3}
rElec    .         Reflect  .   (no cloak)
rCorr    .         Harm     .   (no gloves)
MR       +....                  (no boots)
Stlth    ++........             (no amulet)
HPRegen  0.21/turn              p - ring of magical power
MPRegen  0.33/turn              H - +1 ring of protection

@: lethally poisoned (-1 -> -28)
A: no striking features
a: Renounce Religion


You were on level 1 of the Lair of Beasts.
You worshipped Vehumet.
Vehumet was greatly pleased with you.
You were not hungry.

You visited 3 branches of the dungeon, and saw 13 of its levels.

You collected 573 gold pieces.

Inventory:

Hand Weapons
 o - a +0 falchion of draining
 w - a +0 whip of electrocution
 A - a +2 falchion of holy wrath
Armour
 a - a +0 robe (worn)
 k - a cursed +0 buckler (worn)
 I - a +2 helmet of intelligence (worn)
Magical Staves
 B - an uncursed staff of power (weapon)
Jewellery
 m - an uncursed amulet of faith
 p - a ring of magical power (left hand)
 F - an uncursed ring of resist corrosion
 H - a +1 ring of protection (right hand)
 L - an uncursed ring of flight {unknown}
Wands
 n - a wand of disintegration (16)
 x - a wand of acid (3)
 E - a wand of polymorph (28)
Scrolls
 b - 3 scrolls of magic mapping
 f - 5 scrolls of teleportation
 g - 10 scrolls of identify
 h - 6 scrolls of remove curse
 y - 2 scrolls of blinking
 C - a scroll of enchant armour
 D - 3 scrolls of amnesia
 G - a scroll of holy word {unknown}
 J - a scroll of summoning {unknown}
Potions
 d - 5 potions of brilliance {unknown}
 e - 2 potions of flight {unknown}
 i - 3 potions of lignification {unknown}
 j - 9 potions of curing {unknown}
 l - 2 potions of invisibility {unknown}
 q - a potion of ambrosia {unknown}
 r - 3 potions of heal wounds {unknown}
 s - 3 potions of agility {unknown}
 t - 2 potions of degeneration {unknown}
 u - 2 potions of haste {unknown}
 z - a potion of might {unknown}
 K - a potion of mutation {unknown}
Comestibles
 c - 19 rations
 v - a chunk of flesh


   Skills:
 + Level 5.3 Fighting
 - Level 2.4 Dodging
 - Level 2.4 Stealth
 - Level 5.0 Shields
 + Level 11.8 Spellcasting
 + Level 11.7 Conjurations
 + Level 12.1 Fire Magic


You had 18 spell levels left.
You knew the following spells:

 Your Spells              Type           Power        Failure   Level  Hunger
a - Flame Tongue          Conj/Fire      #####        0%          1    None
b - Conjure Flame         Conj/Fire      ######..     1%          3    None
c - Sticky Flame          Conj/Fire      ######..     1%          4    None
d - Fireball              Conj/Fire      ######....   1%          5    ##.....
e - Mephitic Cloud        Conj/Pois/Air  #####...     1%          3    None

Your spell library contained the following spells:

 Spells                   Type           Power        Failure   Level  Hunger
 Throw Flame              Conj/Fire      ######       1%          2    None
 Regeneration             Chrm/Necr      ###.......   10%         3    None
 Stone Arrow              Conj/Erth      ######       1%          3    None
 Passwall                 Tmut/Erth      ###.....     4%          2    None
 Lee's Rapid Deconstruct  Erth           ###.......   22%         5    ##.....
 Sandblast                Erth           ###...       1%          1    None
 Petrify                  Tmut/Erth      ###.....     30%         4    None
 Shroud of Golubria       Chrm/Tloc      ###.......   4%          2    None
 Inner Flame              Hex/Fire       ######..     1%          3    None
 Infusion                 Chrm           ###.         3%          1    None
 Song of Slaying          Chrm           ###.....     4%          2    None
 Spectral Weapon          Hex/Chrm       ###.....     10%         3    None


Dungeon Overview and Level Annotations

Branches:
Dungeon (11/15)            Temple (1/1) D:5            Lair (1/6) D:9
    Orc: D:9-12

Altars:
Ashenzari
Dithmenos
Elyvilon
Fedhas
Gozag
Hepliaklqana
Kikubaaqudgha
Makhleb
Nemelex Xobeh
Okawaru
Qazlal
Ru
Sif Muna
Trog
Uskayaw
Vehumet
Wu Jian
Xom
Yredelemnul
Zin
The Shining One

Shops:
D:11 =


Message History

The spiny frog poisons you!
Casting: Flame Tongue (safe; 0% risk of failure)
Confirm with . or Enter, or press ? or * to list all spells.
Aiming: Flame Tongue (safe; 0% risk of failure)
Press: ? - help, Shift-Dir - straight line, f/p - spiny frog
Aim: a spiny frog (severely wounded, covered in liquid flames)
The flame tongue misses the spiny frog.
* * * LOW HITPOINT WARNING * * *
You feel very sick.
The spiny frog burns!
The spiny frog misses you.
Casting: Flame Tongue (safe; 0% risk of failure)
Confirm with . or Enter, or press ? or * to list all spells.
Aiming: Flame Tongue (safe; 0% risk of failure)
Press: ? - help, Shift-Dir - straight line, f/p - spiny frog
Aim: a spiny frog (severely wounded, covered in liquid flames)
The flame tongue hits the spiny frog.
The spiny frog appears unharmed.
The spiny frog is severely wounded.
* * * LOW HITPOINT WARNING * * *
You feel sick.
The spiny frog burns!
The spiny frog stings you!!
You die...

▒·▒P·▒············▒······▒
······▒···········▒······▒▒
······▒····▒·············?▒
········╬······▒·······▒
······▒·············▒▒ P·
··▒······▒······P▒ ·
··········†·····▒▒
··▒▒··P··▒··········
········@F···········
▒▒▒·▒▒▒·▒▒·▒▒·▒▒▒▒▒·▒ ▒▒ ▒▒
▒▒▒▒▒▒ ▒▒


You could see a spiny frog (burning).

Vanquished Creatures
  7 two-headed ogres
  Sonja (Lair:1)
  An ugly thing (D:11)
  A deep elf mage (D:11)
  3 cyclopes (D:11)
  2 spiny frogs (Lair:1)
  A komodo dragon (D:10)
  A troll (D:11)
  3 hippogriffs
  A spriggan (D:7)
  9 yaks
  3 wyverns
  5 humans (D:7)
  A hungry ghost (D:10)
  3 water moccasins
  A porcupine (Lair:1)
  3 sky beasts
  4 orc warriors
  A black bear (D:7)
  2 ice beasts
  6 phantoms
  A centaur (D:5)
  5 ogres
  2 crocodiles
  4 big kobolds
  5 bullfrogs
  A water moccasin zombie (D:9)
  3 scorpions
  4 wights (D:11)
  2 howler monkeys
  A crimson imp (D:8)
  A bullfrog zombie (D:11)
  6 hounds
  A centaur zombie (D:9)
  3 orc priests
  2 jellies
  3 centaur skeletons
  2 bullfrog skeletons (D:11)
  3 iguanas
  10 orc wizards
  9 worker ants
  A hound zombie (D:8)
  4 howler monkey skeletons
  15 adders
  A shadow imp (D:6)
  2 dart slugs (D:1)
  5 worms (D:3)
  5 leopard geckos
  29 orcs
  4 giant cockroaches
  3 goblins
  4 hobgoblins
  10 jackals
  7 quokkas
  2 ball pythons
  6 bats
  4 frilled lizards
  22 kobolds
  A quokka skeleton (D:7)
  7 rats
259 creatures vanquished.

Vanquished Creatures (others)
  A plant (Lair:1)
1 creature vanquished.

Grand Total: 260 creatures vanquished

Notes
Turn   | Place    | Note
-------+----------+-------------------------------------------
     0 | D:1      | Azzok the Deep Elf Fire Elementalist began the quest for the Orb.
     0 | D:1      | Reached XP level 1. HP: 10/10 MP: 6/6
   213 | D:1      | Reached XP level 2. HP: 15/15 MP: 4/8
   480 | D:1      | Reached skill level 4 in Fire Magic
   678 | D:1      | Reached XP level 3. HP: 19/19 MP: 7/9
  1484 | D:2      | Learned a level 3 spell: Conjure Flame
  1579 | D:2      | You fall through a shaft for 2 floors!
  1714 | D:4      | Reached XP level 4. HP: 24/24 MP: 7/10
  2409 | D:3      | Noticed an ogre
  2414 | D:3      | Killed an ogre
  2414 | D:3      | Reached skill level 5 in Fire Magic
  2414 | D:3      | Reached XP level 5. HP: 28/28 MP: 3/11
  4024 | D:4      | Found a stormy altar of Qazlal.
  4090 | D:5      | Entered Level 5 of the Dungeon
  4090 | D:5      | Noticed an ogre
  4097 | D:5      | Reached XP level 6. HP: 28/32 MP: 3/12
  4421 | D:5      | Reached skill level 5 in Conjurations
  4421 | D:5      | Reached skill level 6 in Fire Magic
  4578 | D:5      | Found a staircase to the Ecumenical Temple.
  4609 | D:5      | Reached XP level 7. HP: 10/36 MP: 12/13
  4834 | Temple   | Entered the Ecumenical Temple
  4870 | Temple   | Became a worshipper of Vehumet
  4994 | D:5      | Reached skill level 7 in Fire Magic
  5124 | D:5      | Found a shadowy altar of Dithmenos.
  5241 | D:5      | HP: 1/36 [phantom (8)]
  5817 | D:6      | Learned a level 4 spell: Sticky Flame
  6100 | D:6      | Reached skill level 1 in Shields
  6100 | D:6      | Reached XP level 8. HP: 34/41 MP: 13/15
  6595 | D:6      | Learned a level 5 spell: Fireball
  6737 | D:6      | Found a deep blue altar of Sif Muna.
  6850 | D:7      | Reached skill level 8 in Fire Magic
  6904 | D:7      | Noticed a hippogriff
  6913 | D:7      | HP: 2/41 [hippogriff (6)]
  6914 | D:7      | Killed a hippogriff
  7354 | D:7      | Found a hide-covered altar of Uskayaw.
  7406 | D:7      | Noticed a hippogriff
  7415 | D:7      | Killed a hippogriff
  7415 | D:7      | Reached * piety under Vehumet
  7415 | D:7      | Offered knowledge of Sting by Vehumet.
  7415 | D:7      | Reached skill level 5 in Spellcasting
  7802 | D:7      | Reached XP level 9. HP: 39/45 MP: 19/19
  7824 | D:7      | Reached skill level 9 in Fire Magic
  8548 | D:8      | Noticed a two-headed ogre
  8562 | D:8      | Killed a two-headed ogre
  8971 | D:8      | Noticed a two-headed ogre
  8978 | D:8      | Killed a two-headed ogre
  8978 | D:8      | Reached skill level 10 in Fire Magic
  8978 | D:8      | Reached XP level 10. HP: 50/50 MP: 23/24
  9446 | D:8      | Reached skill level 5 in Shields
  9716 | D:9      | Noticed a two-headed ogre
  9721 | D:8      | Reached ** piety under Vehumet
  9805 | D:9      | Offered knowledge of Throw Frost by Vehumet.
  9816 | D:9      | Killed a two-headed ogre
  9816 | D:9      | Reached skill level 1 in Fighting
  9931 | D:9      | Noticed a two-headed ogre
  9945 | D:9      | Killed a two-headed ogre
  9945 | D:9      | Reached skill level 10 in Conjurations
 10248 | D:9      | Found a staircase to the Lair.
 10968 | D:10     | Entered Level 10 of the Dungeon
 10980 | D:10     | Reached XP level 11. HP: 57/60 MP: 21/26
 11046 | D:10     | Reached skill level 10 in Spellcasting
 11190 | D:10     | Noticed a two-headed ogre
 11210 | D:10     | Killed a two-headed ogre
 11210 | D:10     | Offered knowledge of Mephitic Cloud by Vehumet.
 11210 | D:10     | Reached skill level 11 in Fire Magic
 11215 | D:10     | Learned a level 3 spell: Mephitic Cloud
 11529 | D:10     | Reached *** piety under Vehumet
 12094 | D:11     | Found a white marble altar of Elyvilon.
 12110 | D:11     | Offered knowledge of Olgreb's Toxic Radiance by Vehumet.
 12593 | D:11     | Noticed a two-headed ogre
 12606 | D:11     | Killed a two-headed ogre
 12736 | D:11     | Noticed a deep elf mage
 12746 | D:11     | Killed a deep elf mage
 13334 | D:11     | Noticed a two-headed ogre
 13336 | D:11     | Reached **** piety under Vehumet
 13350 | D:11     | Killed a two-headed ogre
 13387 | D:11     | Noticed a purple ugly thing
 13398 | D:11     | Killed a purple ugly thing
 13398 | D:11     | Reached skill level 5 in Fighting
 13652 | D:11     | Found Joempael's Jewellery Shop.
 13840 | D:11     | Offered knowledge of Iskenderun's Battlesphere by Vehumet.
 14073 | Lair:1   | Entered Level 1 of the Lair of Beasts
 14250 | Lair:1   | Noticed Sonja
 14251 | Lair:1   | Killed Sonja
 14251 | Lair:1   | Reached skill level 12 in Fire Magic
 14277 | Lair:1   | Reached XP level 12. HP: 68/68 MP: 29/29
 14386 | Lair:1   | Slain by a spiny frog

Vault maps used:
D:1:      roderic_crossed_star, minmay_misc_feat_enclosed, minmay_quantized
D:4:      nicolae_qazlal_eye_of_the_storm
D:5:      lemuel_coloured_pillars_altar, minmay_temple_entry_junction,
          first_ration
D:6:      lemuel_blue_sif_altar
D:7:      kennysheep_mini, the_bakery, minmay_ruffians
D:9:      lair_entry_dummy
D:11:     serial_shops, nicolae_shop_trees, elyvilon_altar_5
Temple:   compressed_dpeg_circular_temple
Lair:1:   uniq_sonja

Skill      XL: |  1  2  3  4  5  6  7  8  9 10 11 |
---------------+----------------------------------+-----
Conjurations   | 2 3 4 5 7 8 9 10 11 | 11.7
Fire Magic     | 4 5 6 7 8 10 12 | 12.1
Shields        | 1 3 4 5 |  5.0
Spellcasting   | 5 8 9 11 | 11.8
Fighting       | 3 5 |  5.3
Dodging        | |  2.4
Stealth        | |  2.4

Action                   |  1- 3 |  4- 6 |  7- 9 | 10-12 || total
-------------------------+-------+-------+-------+-------++-------
Melee: Falchion          |       |    15 |    21 |       ||    36
       Whip              |       |       |       |    14 ||    14
 Cast: Flame Tongue      |    64 |   109 |   209 |   346 ||   728
       Conjure Flame     |       |     3 |     4 |    18 ||    25
       Sticky Flame      |       |       |    10 |    41 ||    51
       Fireball          |       |       |     5 |    11 ||    16
  Use: Scroll            |       |       |     5 |     2 ||     7
  Eat: Chunk             |     2 |     6 |    15 |    13 ||    36
       Ration            |       |     1 |       |     2 ||     3
Armor: Robe              |     1 |    10 |    12 |    16 ||    39
Dodge: Dodged            |    11 |    44 |    54 |    60 ||   169
Block: Buckler           |       |       |       |    33 ||    33
       Rpst.: Falchion   |       |    17 |    21 |     1 ||    39

Table legend:
 A = Spawn XP
 B = Non-spawn XP
 C = Spawn XP percentage of total XP
 D = Spawn monster count
 E = Non-spawn monster count
 F = Spawn count percentage of total count
 G = Total turns spent on level
                    A         B        C        D         E        F      G
               +---------+---------+-------+---------+---------+-------+---------
         Total |       0 |   22877 |   0.0 |       0 |     259 |   0.0 | 14386
               +---------+---------+-------+---------+---------+-------+---------
           D:1 |       0 |      46 |   0.0 |       0 |      25 |   0.0 |   963
           D:2 |       0 |      46 |   0.0 |       0 |      13 |   0.0 |  1155
           D:3 |       0 |     159 |   0.0 |       0 |      19 |   0.0 |  1235
           D:4 |       0 |     112 |   0.0 |       0 |       7 |   0.0 |   858
           D:5 |       0 |     835 |   0.0 |       0 |      16 |   0.0 |  1625
           D:6 |       0 |     501 |   0.0 |       0 |      22 |   0.0 |   868
           D:7 |       0 |    2435 |   0.0 |       0 |      21 |   0.0 |  1715
           D:8 |       0 |    2766 |   0.0 |       0 |      25 |   0.0 |  1291
           D:9 |       0 |    3901 |   0.0 |       0 |      36 |   0.0 |  1207
          D:10 |       0 |    3347 |   0.0 |       0 |      28 |   0.0 |  1039
          D:11 |       0 |    6328 |   0.0 |       0 |      39 |   0.0 |  2049
        Lair:1 |       0 |    2401 |   0.0 |       0 |       8 |   0.0 |   313
               +---------+---------+-------+---------+---------+-------+---------
